 Dungeon Crawl Stone Soup version 0.28-a0-1182-g381e24db82 (webtiles) character file.

Game seed: 6222471215994954965

63 coolguy420 the Conjurer (level 3, -1/19 HPs)
             Began as a Deep Elf Conjurer on Dec 16, 2021.
             Was a Believer of Uskayaw.
             Shot with a stone by a goblin (5 damage)
             ... led by Robin
             ... on level 2 of the Dungeon.
             The game lasted 00:02:48 (2563 turns).

coolguy420 the Conjurer (Deep Elf Conjurer)         Turns: 2563, Time: 00:02:49

Health: -1/19      AC:  2    Str:  4    XL:     3   Next: 89%
Magic:  2/10       EV: 12    Int: 24    God:    Uskayaw [**....]
Gold:   58         SH:  0    Dex: 13    Spells: 8/9 levels left

rFire   . . .      SeeInvis .   (no weapon)
rCold   . . .      Faith    .   (no shield)
rNeg    . . .      Spirit   .   a - +0 robe
rPois   .          Reflect  .   (no helmet)
rElec   .          Harm     .   (no cloak)
rCorr   .          Rampage  .   (no gloves)
Will    .....                   (no boots)
Stlth   ++........              (no amulet)
HPRegen 0.06/turn               (no ring)
MPRegen 0.12/turn               (no ring)

@: no status effects
A: no striking features
a: Renounce Religion, Stomp, Line Pass


You were on level 2 of the Dungeon.
You worshipped Uskayaw.
Uskayaw was noncommittal.
You visited 1 branch of the dungeon, and saw 2 of its levels.

You collected 58 gold pieces.

Inventory:

Armour
 a - a +0 robe (worn)
Scrolls
 b - a scroll of brand weapon {unknown}
 c - a scroll of magic mapping {unknown}
 f - 2 scrolls of identify {unknown}
 h - a scroll of summoning {unknown}
 i - 3 scrolls of vulnerability {unknown}
 j - a scroll of amnesia {unknown}
 k - a scroll of fear {unknown}
Potions
 d - a potion of heal wounds {unknown}
 e - a potion of ambrosia {unknown}
 g - a potion of flight {unknown}


   Skills:
 + Level 2.6 Dodging
 + Level 2.9 Stealth
 + Level 3.7 Spellcasting
 + Level 5.5 Conjurations


You had 8 spell levels left.
You knew the following spells:

 Your Spells              Type           Power      Damage    Failure   Level
a - Magic Dart            Conj           100%       1d8       1%          1

Your spell library contained the following spells:

 Spells                   Type           Power      Damage    Failure   Level
 Searing Ray              Conj           62%        2d6       1%          2
 Dazzling Flash           Conj/Hex       34%        N/A       10%         3
 Fulminant Prism          Conj/Hex       8%         3d7       32%         4
 Iskenderun's Mystic Bla  Conj/Tloc      17%        2d5       32%         4


Dungeon Overview and Level Annotations

Branches:
Dungeon (2/15)

Altars:
Uskayaw


Message History

A goblin comes into view. It is wielding a +0 club.
The magic dart hits Robin.
Robin is lightly wounded.
You hear a shout!
Robin roars a battlecry!
The goblin goes into a battle-frenzy!
You hear a shout! x3
The magic dart hits Robin.
Robin is heavily wounded.
You stomp with the beat, sending a shockwave through the revellers around you!
You can no longer stomp with the beat.
A goblin comes into view. It is wielding a +0 club.
A goblin comes into view. It is wielding a +0 dagger.
The magic dart hits Robin.
Robin is almost dead.
Robin hits you with a +2 falchion of freezing!
Robin freezes you.
You can now stomp with the beat.
You are too injured to fight recklessly!
Aiming: Magic Dart (safe; 1% risk of failure)
Press: ? - help, Q - select action, (/) - cycle Shift-Dir - straight line, f/p - Robin
Aim: Robin, wielding a +2 falchion of freezing, wearing a +0 animal skin and wearing a +0 helmet (almost dead, 100% to hit)
The magic dart hits Robin.
You kill Robin!
The goblin unwields a +0 club.
The goblin wields a +0 hunting sling.
The goblin shoots a stone.
The stone barely misses you.
Aiming: Magic Dart (safe; 1% risk of failure)
Press: ? - help, Q - select action, (/) - cycle Shift-Dir - straight line, f - goblin
Aim: a goblin, wielding a +0 club (strong, 100% to hit)
The magic dart hits the goblin!
You kill the goblin!
The goblin shoots a stone.
The stone hits you.
* * * LOW HITPOINT WARNING * * *
You can now pass through a line of other dancers. 4 goblins come into view.
Found a stone staircase leading down.
The goblin shouts! x2
A goblin comes into view. It is wielding a +0 club. x2
The goblin shoots a stone.
The stone hits you.
You die... # ############ ## #)@........#######. #.#####...........# #gg

###########.# #.gg
#............ #.gg
#.....####... #..g
#...### #... ##..
#..#######...
##########..##........
####........#.###....#...


You could see 7 goblins.

Vanquished Creatures
  Robin (D:2)
  A worm (D:2)
  A bat (D:1)
  8 endoplasms (D:2)
  A giant cockroach (D:1)
  7 goblins
  6 hobgoblins
  5 kobolds
  10 ball pythons
  3 rats
43 creatures vanquished.

Notes
Turn   | Place    | Note
-------+----------+-------------------------------------------
     0 | D:1      | coolguy420 the Deep Elf Conjurer began the quest for the
                  | Orb.
     0 | D:1      | Reached XP level 1. HP: 10/10 MP: 6/6
   284 | D:1      | Found a faded altar of an unknown god.
   297 | D:1      | Reached XP level 2. HP: 15/15 MP: 6/8
   305 | D:1      | Prayed at the altar of an unknown god.
   305 | D:1      | Became a worshipper of Uskayaw the Reveller
   305 | D:1      | Reached * piety under Uskayaw
  1261 | D:2      | Reached skill level 5 in Conjurations
  1262 | D:2      | Reached ** piety under Uskayaw
  1541 | D:2      | Reached XP level 3. HP: 19/19 MP: 7/9
  2555 | D:2      | Noticed Robin
  2561 | D:2      | Killed Robin
  2563 | D:2      | Shot with a stone by a goblin

Illustrated notes

Levels and vault maps discovered:
D:1:      dpeg_arrival_signposts, layout_loops_corners,
          nicolae_ecumenical_snake_handling
D:2:      minmay_recursive_quarters, layout_loops_ring, uniq_robin

Skill      XL: |  1  2 |
---------------+-------+-----
Conjurations   | 5 |  5.5
Dodging        | |  2.6
Stealth        | |  2.9
Spellcasting   | |  3.7

Action                   || total
-------------------------++-------
 Cast: Magic Dart        ||    84
Invok: Stomp             ||     1
Dodge: Dodged            ||     7

Table legend: (Time is in decaauts)
 A = Elapsed time spent in this place.
 B = Non-inter-level travel time spent in this place.
 C = Inter-level travel time spent in this place.
 D = Time resting spent in this place.
 E = Time spent auto-exploring this place.
 F = Levels seen in this place.
 G = Mean time per level.
                   A        B        C        D        E       F      G
               +--------+--------+--------+--------+--------+-----+--------+
         Total |   2562 |   2442 |    120 |      0 |   2290 |   2 | 1281.0 |
       Dungeon |   2562 |   2442 |    120 |      0 |   2290 |   2 | 1281.0 |
               +--------+--------+--------+--------+--------+-----+--------+

Top non-repeatable levels by time:
     D:2: 1318 daAuts
     D:1: 1244 daAuts
